Map: Acropolis LE

Players

ParkwayDMD

  • Race: Zerg Zerg
  • League: Diamond
  • Spawn Location: 5:00

A.I. 1 (Very Easy) - Winner!

  • Race: Zerg Zerg
  • Spawn Location: 11:00

VOD

Have the link to the VOD?

Description

Time

  • Played on: June 27, 2019, 4:38 p.m.
  • Length: 2:54
Show
View Real Time Build Order
Export as new Build Order

ParkwayDMD Zerg 

Build Orders: 1 Base Baneling Bust, Pool First 

Get SALT Encoding   

  12  0:01  Drone  
  13  0:09  Extractor  
  12  0:24  Spawning Pool  
  11  0:29  Drone  
  11  0:33  Drone  
  13  0:39  Drone  
  14  0:51  Overlord  
  14  1:11  Zergling x4  
  14  1:12  Metabolic Boost  
  14  1:16  Zergling x2  
  17  1:26  Zergling x2  
  17  1:31  Baneling Nest  
  17  1:35  Zergling x2  
  18  1:44  Zergling x2  
  19  1:55  Zergling x2  
  20  2:14  Hatchery  
  19  2:20  Baneling x2  
  19  2:21  Baneling  
Show
View Real Time Build Order
Export as new Build Order

A.I. 1 (Very Easy) Zerg - Winner!

Build Orders: Pool Only 

Get SALT Encoding   

  12  0:01  Drone  
  13  0:12  Overlord  
  13  0:16  Drone  
  14  0:34  Spawning Pool  
  13  0:37  Drone  
  13  0:41  Extractor  
  13  0:44  Drone  
  14  0:52  Overlord  
  14  1:21  Queen, Zergling x2  
  17  1:30  Roach Warren  
  17  1:31  Extractor  
  15  1:34  Drone  
  16  1:41  Drone  
  17  1:47  Zergling x2  
  19  2:01  Drone  
  20  2:08  Drone  
  20  2:14  Zergling x2  
  21  2:17  Drone  
  22  2:28  Overlord  
Tags
 
Add a new tag
Caveats
  • Supply blocks, unpowered buildings, or Contaminate may cause inaccurate times.
  • Supply counts are checked every 10 seconds.